 Dungeon Crawl Stone Soup version 0.28.0-43-g3370ac3207 (webtiles) character file.

Game seed: 3152831363848183236

136 Gabide the Grave Robber (level 4, -6/32 HPs)
             Began as a Mummy Necromancer on Mar 17, 2022.
             Mangled by an ogre
             ... wielding a +0 giant club
              (21 damage)
             ... on level 4 of the Dungeon.
             The game lasted 00:08:47 (4021 turns).

Gabide the Grave Robber (Mummy Necromancer)         Turns: 4021, Time: 00:08:49

Health: -6/32      AC:  5    Str: 18    XL:     4   Next: 98%
Magic:  0/9        EV: 11    Int: 22    God:
Gold:   107        SH:  0    Dex: 12    Spells: 5/9 levels left

rFire   x . .      SeeInvis .   (no weapon)
rCold   + . .      Faith    .   (no shield)
rNeg    + + +      Spirit   .   g - +0 ring mail of Past Mistakes {Str+7 Slay+5 Stlth+}
rPois   ∞          Reflect  .   (no helmet)
rElec   .          Harm     .   (no cloak)
rCorr   .          Rampage  .   (no gloves)
Will    .....                   (no boots)
Stlth   ++........              (no amulet)
HPRegen 0.10/turn               d - +6 ring of intelligence
MPRegen 0.11/turn               (no ring)

@: no status effects
A: cold resistance 1, negative energy resistance 3, torment resistance 2, heat
vulnerability 1, no potions
a: no special abilities


You were on level 4 of the Dungeon.
You visited 1 branch of the dungeon, and saw 4 of its levels.

You collected 107 gold pieces.

Inventory:

Armour
 g - the +0 ring mail of Past Mistakes (worn) {Str+7 Slay+5 Stlth+}
   (You found it on level 2 of the Dungeon)

   Str:       It affects your strength (+7).
   Slay:      It affects your accuracy & damage with ranged weapons and melee
   (+5).
   Stlth:     It makes you more stealthy.
Jewellery
 d - a +6 ring of intelligence (left hand)
Scrolls
 a - 2 scrolls of vulnerability
 e - a scroll of silence


   Skills:
 * Level 1.0 Fighting
 * Level 2.8 Dodging
 + Level 1.6 Stealth
 * Level 3.3 Spellcasting
 * Level 5.1 Necromancy


You had 5 spell levels left.
You knew the following spells:

 Your Spells              Type           Power      Damage    Failure   Level
a - Pain                  Necr           100%       1d9       2%          1
b - Vampiric Draining     Necr           26%        2d7       8%          3

Your spell library contained the following spells:

 Spells                   Type           Power      Damage    Failure   Level
 Animate Skeleton         Necr           52%        N/A       2%          1
 Apportation              Tloc           6%         N/A       22%         1
 Animate Dead             Necr           13%        N/A       26%         4
 Scorch                   Fire           6%         2d5       32%         2
 Agony                    Necr           26%        N/A       58%         5
 Flame Wave               Conj/Fire      3%         2d4       91%         4
 Alistair's Intoxication  Tmut/Pois      2%         N/A       99%         5
 Summon Cactus Giant      Summ           1%         N/A       100%        6


Dungeon Overview and Level Annotations

Branches:
Dungeon (4/15)
 Temple: D:4-7

Altars:

Shops:
D:1 [


Innate Abilities, Weirdness & Mutations

You are immune to poison.
Your flesh is cold resistant. (rC+)
You are immune to negative energy. (rN+++)
You are immune to unholy pain and torment.
You are vulnerable to heat. (rF-)
You do not drink.


Message History

You kill the endoplasm!
You hear a distant slurping noise.
Magic restored.
You now have 91 gold pieces (gained 5).
You now have 99 gold pieces (gained 8).
You hear the quick rusting of a very distant drain.
a - 2 scrolls of vulnerability (gained 1)
You now have 107 gold pieces (gained 8).
You see here 6 gold pieces.
An ogre is nearby!
You can't see any susceptible monsters within range! (Use Z to cast anyway.) Unknown command.
As you read the scroll labelled HYKHARH ACZAMM, it crumbles to dust.
It is a scroll of enchant weapon.
You aren't carrying any weapons that can be enchanted.
The ogre writhes in agony.
The ogre barely resists.
The ogre barely resists.
The ogre writhes in agony.
Casting: Pain (safe; 2% risk of failure)
Confirm with . or Enter, or press ? or * to list all spells.
The spell is quite dangerous to miscast (8% risk of failure)!
Continue anyway?
Aiming: Vampiric Draining (quite dangerous; 8% risk of failure)
Press: ? - help, Shift-Dir - straight line, f/p - ogre
Aim: an ogre, wielding a +0 giant club (moderately wounded)
You draw life force from the ogre!
The ogre barely misses you.
You closely miss the ogre.
The ogre is heavily wounded.
The ogre hits you with a +0 giant club!!
Ouch! That really hurt!
Casting: Vampiric Draining (quite dangerous; 8% risk of failure)
Confirm with . or Enter, or press ? or * to list all spells.
The spell is quite dangerous to miscast (8% risk of failure)!
Continue anyway?
Aiming: Vampiric Draining (quite dangerous; 8% risk of failure)
Press: ? - help, Shift-Dir - straight line, f/p - ogre
Aim: an ogre, wielding a +0 giant club (heavily wounded)
You draw life force from the ogre.
You feel life coursing into your body.
The ogre hits you with a +0 giant club!!
Ouch! That really hurt!
You die...

......................#
......................#
......................#
......................#
...................########
...................#.......
...........................
...................).......
................@O.$....$..
...........................
.....................###.##
........)............# #
.......)...........#.#
...................+.##
......)..............###
.....................#
...................#.#


You could see an ogre.

Vanquished Creatures
  An orc wizard (D:3)
  3 gnolls (D:3)
  2 adders (D:2)
  2 worms (D:2)
  A dart slug (D:2)
  5 orcs
  4 bats
  An endoplasm (D:4)
  2 giant cockroaches (D:3)
  2 goblins
  7 hobgoblins
  3 jackals (D:2)
  6 kobolds
  A quokka (D:2)
  7 ball pythons
  3 frilled lizards
  2 rats
52 creatures vanquished.

Vanquished Creatures (others)
  2 fungi (D:1)
  4 plants (D:1)
6 creatures vanquished.

Grand Total: 58 creatures vanquished

Notes
Turn   | Place    | Note
-------+----------+-------------------------------------------
     0 | D:1      | Gabide the Mummy Necromancer began the quest for the Orb.
     0 | D:1      | Reached XP level 1. HP: 13/13 MP: 4/4
   199 | D:1      | Found a faded altar of an unknown god.
   402 | D:1      | Found Uplicas's Antique Armour Boutique.
   660 | D:1      | Reached XP level 2. HP: 19/19 MP: 3/5
  1356 | D:2      | Identified the +0 ring mail of Past Mistakes {Str+7 Slay+5
                  | Stlth+}
  1468 | D:2      | Reached XP level 3. HP: 24/24 MP: 4/7
  2184 | D:3      | Learned a level 3 spell: Vampiric Draining
  2536 | D:3      | Reached XP level 4. HP: 30/30 MP: 5/8
  2550 | D:3      | Reached skill level 5 in Necromancy
  3075 | D:3      | Reached skill level 1 in Fighting
  3692 | D:4      | Noticed an ogre
  4021 | D:4      | Mangled by an ogre

Illustrated notes

Levels and vault maps discovered:
D:1:      dpeg_arrival_arbitrary_b, layout_basic, serial_shops,
          nicolae_shop_crystal, shapermc_ecumenical_altar_mp_urbaneastern
D:2:      layout_loops_ring
D:3:      layout_basic, serial_bayou, serial_bayou_shore_a, serial_bayou_pond_d,
          serial_bayou_crossing, serial_bayou_pond_e
D:4:      layout_basic, lemuel_doored_altar, cheibrodos_sewer_entry_bend

Skill      XL: |  1  2  3  4 |
---------------+-------------+-----
Dodging        | 2 |  2.8
Spellcasting   | 3 |  3.3
Necromancy     | 5 |  5.1
Fighting       | 1 |  1.0
Stealth        | |  1.6

Action                   |  1- 3 |  4- 6 || total
-------------------------+-------+-------++-------
Melee: Unarmed           |    18 |    24 ||    42
       Punch             |     2 |       ||     2
 Cast: Pain              |    68 |    46 ||   114
       Vampiric Draining |       |     2 ||     2
  Use: Scroll            |     2 |     6 ||     8
Armor: Robe              |     4 |       ||     4
       Ring mail         |       |     6 ||     6
Dodge: Dodged            |    18 |    18 ||    36
